[Event "WSCC Main Event"]
[Site "Chess.com"]
[Date "2023.11.16"]
[Round "2"]
[White "Hou, Yifan"]
[Black "Kosteniuk, Alexandra"]
[Result "1-0"]
[WhiteElo "2786"]
[BlackElo "2747"]
[ECO "A00"]
[EventDate "2023.??.??"]
[Annotator "rafael"]
[PlyCount "79"]
[Beauty "7701950103566"]
[EventType "team-tourn"]
[TimeControl "180+1"]

1.e4 c6 2.Nf3 d5 3.d3 {I must say that this is a rather curious system to employ against the Caro-Kann Defense. Followers of this solid variation are usually happy exchanging queens with a safe position.} 3...Qc7 {Kosteniuk is an attacking player, so she doesn't want the boring ending after 3...dxe4.} ( 3...dxe4 4.dxe4 Qxd1+ 5.Kxd1 {Incredibly, some strong chess players occasionally win this position with White, although sometimes they lose it too.} ) 4.g3 e5 5.Bg2 Nf6 6.O-O dxe4 7.dxe4 Be7 ( 7...Bc5 {is another development option.} ) 8.Nbd2 Be6 {I am a follower of the \"when in doubt, castle\" principle, which will once again prove its worth, considering that this was the most accurate choice here and in the following moves.} ( 8...O-O {It's not clear that Black really wants the bishop on e6. Play may continue:} 9.b3 Re8 10.Bb2 Bf8 11.Nc4 Nbd7 {with a fine position for Black.} ) 9.b3 {The bishop is developed in the excellent a1-h8 diagonal.} 9...Nbd7 10.Bb2 h6 {This move is understandable: Black wants to avoid Nf3-g5. However, the knight move was not yet such a worrying threat.} ( 10...O-O {If} 11.Ng5 {Black has} 11...Bg4 ) 11.Qe2 {Preparing Nd2-c4.} 11...b5 ( {White has a small advantage due to the pair of bishops after} 11...O-O 12.Nc4 Bxc4 13.Qxc4 ) 12.Ne1 $1 {[%c_effect e1;square;e1;type;GreatFind;persistent;true] An excellent move. The knight goes to d3 and the f-pawn is ready to go.} ( 12.Nh4 {is tempting, especially in a blitz game. White can advance the f-pawn or bring the knight to f5. But the advantage is not clear.} 12...O-O 13.f4 ( 13.Nf5 Bc5 {Black is fine.} ) 13...exf4 14.gxf4 Bg4 ( 14...Nxe4 $2 {[%c_effect e4;square;e4;type;Mistake;persistent;true] loses after} 15.Nxe4 Bxh4 16.f5 Bd5 17.Qg4 Bg5 18.Nxg5 hxg5 19.Bxg7 $1 ) 15.Qe1 Nh5 $1 {[%c_effect h5;square;h5;type;GreatFind;persistent;true] with counterplay.} ) 12...O-O 13.Nd3 c5 {Preparing counterplay with …c5-c4.} 14.c4 $1 bxc4 15.Nxc4 Bxc4 16.bxc4 Bd6 {White has a clear advantage with the pair of bishops and the plan of attacking on the kingside.} 17.f4 Rfe8 18.Rae1 Nh7 19.Bc3 ( 19.Bh3 {is a possibility, activating the bishop.} ) ( 19.h4 {is also interesting, advancing the pawn before playing Bh3.} ) 19...Nhf8 20.f5 $1 {[%c_effect f5;square;f5;type;GreatFind;persistent;true] A good practical decision.} ( 20.Bh3 Ne6 21.Bxe6 Rxe6 22.f5 {This plan makes sense, exchanging the so-called \"bad\" bishop on g2 before playing f4-f5. The problem is that I don't think the bishop is actually bad.} 22...Ree8 {with a slight advantage for White.} ) 20...Nh7 21.Nf2 Nb8 ( 21...Nhf6 {is better, preparing to exchange the knights in case of Nf2-g4. But White is still clearly better after} 22.h4 ) 22.Ng4 $1 Nc6 ( 22...f6 {is a sad move. Black's position is very bad affter} 23.Ne3 ) 23.f6 $1 h5 24.Ne3 g6 ( 24...Nxf6 25.Rxf6 $1 gxf6 26.Qxh5 {is crushing.} ) 25.Nd5 $6 {[%c_effect d5;square;d5;type;Inaccuracy;persistent;true] This is not the most incisive.} ( 25.g4 $1 {[%c_effect g4;square;g4;type;GreatFind;persistent;true] open lines on the kingside and should be winning.} ) 25...Qd7 26.Rb1 $6 ( 26.Qe3 {I prefer to remove the queen from the attack of the d4-knight immediately and later prepare h4-Kh2-Bh3.} ) 26...Nd4 27.Qe3 Rab8 28.h3 Bf8 {Black should try to attack the queenside with the queen. Kosteniuk probably didn't want to separate the queen from the king and leave it unprotected, but this measure was necessary.} ( 28...Qa4 $1 ) 29.Kh2 Qd6 ( 29...Qa4 $1 ) 30.Qf2 Rxb1 31.Rxb1 Qc6 32.h4 Qd6 33.Bh3 Rb8 34.Rf1 Rb7 $2 {[%c_effect b7;square;b7;type;Mistake;persistent;true] This was the last chance to create counterplay on the queenside. From now on, it's too late.} ( 34...Qa6 $1 ) 35.g4 $1 {[%c_effect g4;square;g4;type;GreatFind;persistent;true] Black's king is in severe danger now.} 35...hxg4 36.Bxg4 Qb8 37.h5 gxh5 $6 ( 37...g5 {is the only chance, keeping the kingside closed.} ) 38.Bxh5 Rb1 39.Qg2+ ( 39.Qg1+ {picking up the rook is good as well.} ) 39...Kh8 40.Bxf7 1-0

[Event "WSCC Main Event"]
[Site "Chess.com"]
[Date "2023.11.21"]
[Round "2"]
[White "Lagno, Kateryna"]
[Black "Harika, Dronavalli"]
[Result "0-1"]
[WhiteElo "2875"]
[BlackElo "2745"]
[ECO "C70"]
[EventDate "2023.??.??"]
[Annotator "rafael"]
[PlyCount "62"]
[Beauty "8249692657159"]
[EventType "team-tourn"]
[TimeControl "300+1"]

1.e4 e5 2.Nf3 Nc6 3.Bb5 a6 4.Ba4 Bc5 {One of the many possible sidelines of the Ruy Lopez.} 5.O-O ( 5.c3 {is also very popular.} ) 5...d6 6.c3 Bg4 {In a blitz game like this one, pinning the knight is always interesting. For a classical time control, however, 6...Bd7 or 6...b5 are preferable.} ( 6...Bd7 ) ( 6...b5 ) 7.h3 ( 7.d4 exd4 8.cxd4 Ba7 {is better for White, who has several possible plans. This was played in Hou-Grischuk, Astana Satty Zhuldyz Rapid 2023.} ) 7...Bh5 8.d3 {A little shy, but perfectly playable.} ( 8.g4 {is more aggressive:} 8...Bg6 9.d4 Ba7 10.d5 b5 11.Bc2 Nce7 12.a4 {with the advantage for White in a complex position.} ) 8...Ne7 9.Be3 O-O 10.Nbd2 Kh8 {A logical move to prepare the coming f7-f5 pawn push.} 11.Re1 b5 12.Bc2 Bxe3 13.fxe3 $1 {[%c_effect e3;square;e3;type;GreatFind;persistent;true] The right way to capture.} ( 13.Rxe3 f5 {gives Black easy play.} ) 13...d5 14.exd5 Nxd5 15.Nf1 f5 16.Ng3 Bg6 17.e4 {This is not the best, as it allows an interesting tactical resource for Black.} ( 17.Qd2 {is safer, with an equal position after} 17...f4 18.exf4 Nxf4 19.Nxe5 Nxe5 20.Rxe5 Bxd3 ) 17...fxe4 ( 17...Ne3 $1 {[%c_effect e3;square;e3;type;GreatFind;persistent;true] is an unpleasant surprise for White. The idea is} 18.Rxe3 f4 {When the rook and knight are forked and Black's pawn is a dangerous attacking force. If White tries to capture it on g3, then after} 19.Re2 fxg3 20.Qe1 Bh5 $1 21.Qxg3 Bxf3 22.gxf3 Rf4 {Black has excellent compensation.} ) 18.dxe4 ( 18.Nxe4 $2 {[%c_effect e4;square;e4;type;Mistake;persistent;true] is weaker, since the pin is dangerous after} 18...Bh5 $1 ) 18...Nf4 19.Qxd8 Raxd8 {The queen exchange brings some relief for White.} 20.Kh2 Nd3 $6 ( 20...Bf7 {is better, with an equal position.} ) 21.Reb1 $6 ( 21.Bxd3 $1 {[%c_effect d3;square;d3;type;GreatFind;persistent;true] leads to a clear advantage for White after} 21...Rxd3 22.a4 {The knights are strong in this position, and it is difficult for Black to defend the queenside.} ) 21...Nc5 22.b4 Ne6 $6 ( 22...Rxf3 $1 {[%c_effect f3;square;f3;type;GreatFind;persistent;true] is the best, although in the game it was even better one move later.} 23.gxf3 Rd2+ 24.Kh1 Rxc2 25.bxc5 Rxc3 26.Rb3 Rxc5 {with a good position.} ) 23.a4 $6 {[%c_effect a4;square;a4;type;Inaccuracy;persistent;true] Lagno probably missed the coming tactical resource.} ( 23.Bb3 Nf4 24.Rd1 {Followed by a2-a4 and White is better.} ) 23...Rxf3 $1 24.axb5 $4 {[%c_effect b5;square;b5;type;Blunder;persistent;true] This is the real losing move, however.} ( 24.gxf3 Rd2+ 25.Kg1 Rxc2 26.axb5 axb5 27.Ra8+ Ncd8 28.Rd1 $1 h5 29.Rdxd8+ Nxd8 30.Rxd8+ Kh7 31.Rd5 {with a likely draw.} ) 24...Rxc3 {Black is just a piece up now.} 25.Bb3 Ned4 26.bxc6 Rxb3 27.Rxb3 Nxb3 28.Rxa6 Nd4 29.Ra7 Nxc6 30.Rxc7 Nxb4 31.Rc5 Nd3 0-1

[Event "E Grand Swiss 2023"]
[Site "Douglas, Isle of Man"]
[Date "2023.11.05"]
[Round "11"]
[White "Vidit, Santosh Gujrathi"]
[Black "Predke, Alexandr"]
[Result "1-0"]
[WhiteElo "2715"]
[BlackElo "2661"]
[ECO "D27"]
[EventDate "2023.??.??"]
[Annotator "rafael"]
[PlyCount "93"]
[Beauty "7216887243784"]
[EventType "team-tourn"]
[EventCountry "IOM"]
[TimeControl "40/5400+30:1800+30"]

1.d4 d5 2.c4 dxc4 3.Nf3 Nf6 4.e3 e6 5.Bxc4 a6 6.O-O c5 7.dxc5 {An excellent opening choice considering the state of the tournament. Since the Kramnik vs. Kasparov match, we know that this endgame from the Queen's Gambit Accepted is not as innocent as it seems. In a final round in which it's difficult to weigh how much risk is necessary; there's nothing better than a safe position, but with a chance of playing for victory.} 7...Bxc5 8.Qxd8+ Kxd8 9.Be2 {This bishop move is necessary sooner or later. It frees the c4-square for a knight and the bishop can go to f3 in many lines.} 9...Ke7 10.Nbd2 Bd7 11.Nb3 Bb6 12.Bd2 Nc6 13.Bc3 {So far we are following theory. Although both sides had options, we can say that the moves were natural. The game starts to get more subtle from now on.} 13...Rhg8 $5 {[%c_effect g8;square;g8;type;Interesting;persistent;true] An interesting move, very much in the style of the creative player with the black pieces, although it had already been tried before, so perhaps it was still preparation. The idea of the move is less about advancing the g-pawn, which we will see later, and more about protecting this pawn so that the knight can move to d5 or e4.} ( 13...Rhd8 {is the natural move, but now White can try} 14.Nfd2 $1 {[%c_effect d2;square;d2;type;GreatFind;persistent;true] followed by Nc4. Whether this is enough for an advantage is another matter.} ) 14.Rfd1 ( 14.Nfd2 $6 {[%c_effect d2;square;d2;type;Inaccuracy;persistent;true] Now this move is clearly inaccurate, and we can see the point of Black's play:} 14...Nd5 $1 {[%c_effect d5;square;d5;type;GreatFind;persistent;true] with an excellent position.} ) 14...Rad8 {A new move. The eternal problem of where the rooks should go. It's the 21st century and we still don't know the answer.} ( 14...Rac8 {seems more flexible. The g8-rook can be repositioned in due time.} 15.Rac1 ( 15.Ng5 Rgd8 16.Bf3 Be8 {with equal play in Kozul-Topalov, Sarajevo 2001.} ) 15...Ne4 16.Be1 Rgd8 {With good chances of equalizing.} ) ( 14...Nd5 {is untried, but also possible.} ) 15.Rac1 g5 $1 {[%c_effect g5;square;g5;type;GreatFind;persistent;true] Time to move the pawn. It's not an attacking move, of course. What Black really wants is to get the rook into play with g4-Rg5.} 16.Nfd4 Nxd4 $6 {[%c_effect d4;square;d4;type;Inaccuracy;persistent;true] A slight inaccuracy.} ( 16...Nd5 $1 {[%c_effect d5;square;d5;type;GreatFind;persistent;true] is a better way to fight for equality.} ) 17.Bb4+ $1 {[%c_effect b4;square;b4;type;GreatFind;persistent;true] The king has to go to an uncomfortable square.} 17...Ke8 18.Nxd4 g4 $6 {[%c_effect g4;square;g4;type;Inaccuracy;persistent;true] Black follows the plan, but here it would be better to play} ( 18...Nd5 $1 19.Bc5 Bxc5 20.Rxc5 Rc8 21.Rxc8+ Bxc8 22.Bf3 Nf6 {with good drawing chances.} ) 19.Nb3 $1 {[%c_effect b3;square;b3;type;GreatFind;persistent;true] The knight prepares to go to c5.} 19...Rg5 ( 19...Rc8 {gives better chances, although Black is somewhat worse after} 20.Rxc8+ Bxc8 ) 20.Nc5 Bc6 $6 {[%c_effect c6;square;c6;type;Inaccuracy;persistent;true] This move has an interesting tactical point, but Vidit finds a very deep refutation. 20...Bxc5 and 20...Bc8 leads to suffering, but might be better, objectively.} ( 20...Bxc5 ) ( 20...Bc8 ) 21.Nxa6 $1 {[%c_effect a6;square;a6;type;GreatFind;persistent;true] Of course, both players saw this tactical theme instantly, but the question is more difficult than that.} 21...Nd7 {The a6-knight is suddenly a problem, but Vidit finds a superb solution.} ( 21...Bf3 {This is Black's main counterplay idea and has to be calculated precisely.} 22.Rxd8+ Kxd8 ( 22...Bxd8 23.h4 $1 {[%c_effect h4;square;h4;type;GreatFind;persistent;true] The same idea we will see in the main line, but this is a worse version for Black.} ) 23.h4 $1 {[%c_effect h4;square;h4;type;GreatFind;persistent;true] A wonderful idea that justifies White's play.} 23...Bxe2 ( 23...Rg8 24.Bd1 $3 {[%c_effect d1;square;d1;type;Brilliant;persistent;true] Another fantastic move that gives White the advantage. The point is that now White finally threatens to take the bishop and, if they are exchanged, the rook goes to d1 with check and White keeps the extra pawn.} ) 24.hxg5 Nd5 {The fight continues.} 25.Bc5 $1 ( 25.Nc5 {is not so convincing:} 25...Nxb4 26.Nxb7+ Ke7 27.a3 Nd5 28.Nc5 Bb5 {with drawing chances.} ) 25...Bxa6 26.Bxb6+ Nxb6 27.Kh2 $1 {[%c_effect h2;square;h2;type;GreatFind;persistent;true] The king marches to g3 and the endgame is difficult for Black.} ) 22.Bf1 $3 {[%c_effect f1;square;f1;type;Brilliant;persistent;true] This is such a brilliant move, my favorite of the game. It's so beautiful because we don't expect a simple bishop withdrawal in a position like this. Furthermore, it shows how attentive Vidit was to his opponent's resources. It's the best move according to the machine, which makes it even more stunning. The idea is prophylaxis directed against the tactical ...Bc6-f3.} ( 22.Be1 $2 {[%c_effect e1;square;e1;type;Mistake;persistent;true] We first think: Why not just move the b4-bishop so the knight can go back $2 After all, if it's taken, we can capture the c6-bishop. But then comes the shocker} 22...Bf3 $1 {[%c_effect f3;square;f3;type;GreatFind;persistent;true] and the tables are turned $1} ) ( 22.Bd6 $2 {[%c_effect d6;square;d6;type;Mistake;persistent;true] is met with the same idea.} 22...Bf3 $1 ) ( 22.Kf1 {is a sensible way of avoiding Black's trick, but it's not so good because the king is not well-placed on f1.} 22...Rc8 $1 23.Bd6 bxa6 24.Bxa6 Bb5+ $1 {[%c_effect b5;square;b5;type;GreatFind;persistent;true] This is the difference.} 25.Bxb5 Rxc1 26.Rxc1 Rxb5 27.Rc8+ Bd8 28.Bc7 {White is still better, but the endgame is not so clear after} 28...Rc5 $1 29.Rxd8+ Ke7 30.Rc8 Rc1+ 31.Ke2 Rc2+ {with drawing chances.} ) 22...Ra8 ( 22...Rc8 {This no longer works:} 23.Bd6 $1 bxa6 24.Bxa6 {White wins material as there's no check on b5.} ) ( 22...h5 {is the best attempt according to the computer, but I find the move hard to understand.} 23.Bd6 Nf6 24.Nb4 Ne4 25.Nxc6 Rxd6 26.Rxd6 Nxd6 27.Nb4 {with good winning chances for White with an extra pawn.} ) 23.Bd6 $1 {[%c_effect d6;square;d6;type;GreatFind;persistent;true] The knight is ready to go back.} 23...Ba4 24.Bf4 ( 24.b3 $1 {[%c_effect b3;square;b3;type;GreatFind;persistent;true] is even better:} 24...bxa6 ( 24...Bxb3 25.axb3 bxa6 26.g3 $1 {[%c_effect g3;square;g3;type;GreatFind;persistent;true] This is a nice idea that shows up in some lines. The bishop goes to the powerful h1-a8 diagonal.} ) 25.bxa4 {With a winning position, thanks to the pair of bishops.} ) 24...Ra5 ( 24...Bxd1 {is a better chance, although the endgame is difficult after} 25.Bxg5 Ba4 26.Nb4 ) 25.Nc7+ ( 25.b3 $1 {[%c_effect b3;square;b3;type;GreatFind;persistent;true] is good again:} 25...Bxb3 ( 25...bxa6 26.bxa4 Rxa4 27.g3 $1 {[%c_effect g3;square;g3;type;GreatFind;persistent;true] This is not an easy move to see, but after the bishop goes to g2, White is simply winning.} ) 26.axb3 bxa6 {Here White has many tempting continuations. The position is easily winning for a player like Vidit.} ) 25...Bxc7 26.Bxc7 Bxd1 27.Bxa5 Rxa5 28.Rxd1 {White wins a pawn, since the rook cannot capture on a2.} 28...Ne5 ( 28...Rxa2 $2 29.Bb5 {and the knight is lost.} ) 29.a4 Rc5 {Black activates the rook, but White finds a strong reply.} 30.Rd4 $1 {[%c_effect d4;square;d4;type;GreatFind;persistent;true] The rook is going to b4.} 30...Rc1 31.Rb4 ( 31.Re4 $5 {[%c_effect e4;square;e4;type;Interesting;persistent;true] is a subtle move that maybe makes the task easier.} 31...f6 32.Rb4 {The pawn on f6 worsens the seventh rank, and this is an even better version of the game.} ) 31...Rb1 ( 31...Ra1 $1 {[%c_effect a1;square;a1;type;GreatFind;persistent;true] is the only chance.} 32.b3 Ke7 33.Rxb7+ Kf6 {Despite being two pawns up, the position is not so easy for White to win. Black's pieces are very active.} ) 32.f4 $1 {[%c_effect f4;square;f4;type;GreatFind;persistent;true] Now the conversion is smooth.} 32...gxf3 33.gxf3 Nxf3+ 34.Kg2 Nd2 35.Bd3 Re1 36.Kf2 Rh1 37.Kg2 Re1 38.Rxb7 Rxe3 39.Bb5+ Kf8 40.a5 {The pawns cannot be stopped. The rest is agony.} 40...Re5 41.a6 Rg5+ 42.Kf2 Ne4+ 43.Ke3 Nd6 44.a7 Re5+ 45.Kf3 Rf5+ 46.Kg2 Rg5+ 47.Kh1 1-0